 Dungeon Crawl Stone Soup version 0.31.0-32-g396128a36d (webtiles) character file.

Game seed: 9098486731963675237

515504 chippings the Scorcher (level 24, -2/195 HPs)
             Began as a Pale Draconian Wanderer on Mar 7, 2024.
             Was the Champion of Vehumet.
             Shot with a bolt by a yaktaur captain (28 damage)
             ... on level 5 of the Vaults on Mar 11, 2024.
             The game lasted 03:56:08 (62047 turns).

chippings the Scorcher (Pale Draconian Wanderer)   Turns: 62047, Time: 03:56:08

Health: -2/195     AC: 19    Str: 11    XL:     24   Next: 47%
Magic:  42/43      EV: 11    Int: 17    God:    Vehumet [******]
Gold:   2933       SH: 26    Dex:  9    Spells: 7/55 levels left

rFire   . . .        G - staff of Sapecoitz {rElec rPois rCorr Str-4 Air Alchemy}
rCold   + . .        R - +8 tower shield {rC+}
rNeg    + + +        (body armour unavailable)
rPois   +            (helmet restricted)
rElec   +            u - scarf {harm}
rCorr   +            P - +3 pair of gauntlets of War {Slay+5}
SInv    +            Z - +2 pair of boots {Fly}
Will    ++...        p - amulet of magic regeneration
Stlth   +++          Q - ring "Rigren" {rN+++ Will+ Int-4 Dex-3 SInv}
HPRegen 0.52/turn    j - ring of the Mage {Wiz Archmagi}
MPRegen 0.68/turn

%: harm (+30% outgoing, +20% incoming), wizardry (x1), archmagi
@: flying, studying 2 skills
A: breathe steam, AC +12, unfitting armour, cold-blooded, steam resistance,
antennae 1, clumsy 1, persistent drain
}: 2/15 runes: serpentine, barnacled
a: Breathe Steam, Renounce Religion


You were on level 5 of the Vaults.
You worshipped Vehumet.
Vehumet was exalted by your worship.
You visited 9 branches of the dungeon, and saw 45 of its levels.
You visited the Abyss 1 time.
You also visited: Ice Cave and Volcano.

You collected 5879 gold pieces.
You spent 2946 gold pieces at shops.

Inventory:

Hand Weapons
 b - a +4 demon trident of electrocution
Missiles
 e - 5 throwing nets
Armour
 u - a scarf of harm (worn)
 M - a scarf of resistance
 P - the +3 pair of gauntlets of War (worn) {Slay+5}
   (You bought it in a shop on level 4 of the Snake Pit)

   Slay+5:    It affects your accuracy & damage with ranged weapons and melee
   (+5).
 R - a +8 tower shield of cold resistance (worn)
 Z - a +2 pair of boots of flying (worn)
Magical Staves
 G - the staff of Sapecoitz (weapon) {rElec rPois rCorr Str-4 Air Alchemy}
   (You found it on level 3 of the Elven Halls)

   [staff of alchemy]

   Base accuracy: +5 Base damage: 5 Base attack delay: 1.2 This weapon's minimum
   attack delay (0.6) is reached at skill level 12.
   Str-4:     It affects your strength (-4).
   rElec:     It insulates you from electricity.
   rPois:     It protects you from poison rCorr: It protects you from acid and
   corrosion.
   Air:       It increases the power of your Air spells.
   Alchemy:   It increases the power of your Alchemy spells.
   It falls into the 'Staves' category.
   It is a one-handed weapon.
Jewellery
 j - the ring of the Mage (right hand) {Wiz Archmagi}
   (You found it on level 2 of the Orcish Mines)

   [ring of wizardry]

   Wiz:       It improves your spell success rate.
   Archmagi:  It increases the power of your magical spells.
 p - an amulet of magic regeneration (around neck)
 C - a ring of see invisible
 H - the ring of Xom's Whim {rF+ rC+}
   (You found it on level 3 of the Crypt)

   [ring of protection from cold]

   rF+:       It protects you from fire.
   rC+:       It protects you from cold.
 L - a ring of fire
 Q - the ring "Rigren" (left hand) {rN+++ Will+ Int-4 Dex-3 SInv}
   (You bought it in a shop on level 4 of the Snake Pit)

   [ring of willpower]

   Int-4:     It affects your intelligence (-4).
   Dex-3:     It affects your dexterity (-3).
   rN+++:     It renders you almost immune to negative energy.
   Will+:     It increases your willpower.
   SInv:      It lets you see invisible.
Wands
 v - a wand of quicksilver (56)
 F - a wand of digging (21)
 K - a wand of iceblast (29)
Scrolls
 d - 7 scrolls of vulnerability
 f - 18 scrolls of teleportation
 h - 10 scrolls of noise
 i - 5 scrolls of blinking
 n - 10 scrolls of revelation
 o - 7 scrolls of amnesia
 r - 3 scrolls of brand weapon
 s - 3 scrolls of enchant armour
 t - 2 scrolls of butterflies
 x - 4 scrolls of silence
 y - 7 scrolls of fog
 z - 4 scrolls of enchant weapon
 A - 6 scrolls of fear
 J - 10 scrolls of immolation
 N - 7 scrolls of poison
 X - 15 scrolls of identify
Potions
 c - 9 potions of lignification
 g - 12 potions of enlightenment
 k - a potion of cancellation {unknown}
 l - 17 potions of curing
 m - 2 potions of magic
 q - 5 potions of brilliance
 w - 8 potions of attraction
 D - 3 potions of ambrosia
 E - 3 potions of mutation
 I - 6 potions of heal wounds
 O - 7 potions of haste
 T - 3 potions of resistance
Miscellaneous
 a - a phial of floods
 B - a phantom mirror
 U - a lightning rod (4/4)
 Y - a box of beasts


   Skills:
 - Level 12.0 Fighting
 - Level 3.0 Long Blades
 - Level 1.0(6.4) Maces & Flails
 - Level 10.0(11.8) Polearms
 - Level 10.2(12.0) Staves
 - Level 1.0 Throwing
 - Level 8.0 Dodging
 - Level 8.0 Stealth
 - Level 16.0 Shields
 + Level 16.0 Spellcasting
 + Level 15.8 Conjurations
 - Level 6.0 Hexes
 - Level 6.0 Translocations
 - Level 20.0 Fire Magic
 - Level 20.0 Air Magic
 - Level 16.0 Alchemy
 - Level 10.0 Evocations


You had 7 spell levels left.
You knew the following spells:

 Your Spells              Type           Power      Damage    Failure   Level
a - Plasma Beam           Fire/Air       55%        2x1d71    1%          6
b - Starburst             Conj/Fire      42%        6d12      1%          6
c - Eringya's Noxious Bo  Alch           50%        4d6       1%          6
d - Maxwell's Capacitive  Air            55%        ∞         4%          8
e - Irradiate             Conj/Alch      50%        3d28      1%          5
f - Freezing Cloud        Conj/Ice/Air   44%        6-21      1%          5
g - Yara's Violent Unrav  Hex/Alch       43%        3d17      1%          5
h - Alistair's Intoxicat  Alch           67%        N/A       1%          5
i - Blink                 Tloc           100%       N/A       1%          2

Your spell library contained the following spells:

 Spells                   Type           Power      Damage    Failure   Level
 Foxfire                  Conj/Fire      100%       2x1d9     0%          1
 Shock                    Conj/Air       100%       1d9       0%          1
 Sting                    Conj/Alch      100%       1d9       0%          1
 Mercury Vapours          Alch/Air       100%       N/A       0%          2
 Static Discharge         Conj/Air       100%       3-8/arc   0%          2
 Swiftness                Air            100%       N/A       0%          3
 Apportation              Tloc           100%       N/A       1%          1
 Kiss of Death            Conj/Necr      100%       2d13      1%          1
 Slow                     Hex            100%       N/A       1%          1
 Cigotuvi's Dreadful Rot  Necr/Alch/Air  100%       N/A       1%          2
 Momentum Strike          Conj/Tloc      100%       3d10      1%          2
 Confusing Touch          Hex            50%        N/A       1%          3
 Dazzling Flash           Conj/Hex       100%       N/A       1%          3
 Hailstorm                Conj/Ice       57%        3d11      1%          3
 Inner Flame              Hex/Fire       72%        N/A       1%          3
 Sigil of Binding         Hex            50%        N/A       1%          3
 Stone Arrow              Conj/Erth      100%       3d13      1%          3
 Tukima's Dance           Hex            50%        N/A       1%          3
 Volatile Blastmotes      Fire/Tloc      100%       2d18      1%          3
 Airstrike                Air            55%        2d(8-24)  1%          4
 Brom's Barrelling Bould  Conj/Erth      57%        2d7       1%          4
 Fulminant Prism          Conj/Alch      50%        3d22      1%          4
 Iskenderun's Mystic Bla  Conj/Tloc      66%        2d14      1%          4
 Olgreb's Toxic Radiance  Alch           100%       N/A       1%          4
 Summon Blazeheart Golem  Fire/Summ      63%        N/A       1%          4
 Summon Lightning Spire   Summ/Air       82%        N/A       1%          4
 Fireball                 Conj/Fire      42%        3d17      1%          5
 Iskenderun's Battlesphe  Conj           79%        2d13      1%          5
 Silence                  Hex/Air        46%        N/A       1%          5
 Conjure Ball Lightning   Conj/Air       53%        3x3d18    1%          6
 Sandblast                Erth           40%        2d10      2%          1
 Cause Fear               Hex            25%        N/A       7%          4
 Dimensional Bullseye     Hex/Tloc       25%        N/A       7%          4
 Manifold Assault         Tloc           50%        N/A       7%          4
 Passage of Golubria      Tloc           50%        N/A       7%          4
 Necrotise                Necr           80%        1d8       9%          1
 Summon Small Mammal      Summ           80%        N/A       9%          1
 Call Imp                 Summ           40%        N/A       12%         2
 Sublimation of Blood     Necr           20%        N/A       12%         2
 Bombard                  Conj/Erth      28%        9d5       12%         6
 Anguish                  Hex/Necr       17%        N/A       22%         4
 Call Canine Familiar     Summ           20%        N/A       24%         3
 Fugue of the Fallen      Necr           20%        N/A       24%         3
 Ozocubu's Armour         Ice            20%        N/A       24%         3
 Passwall                 Erth           20%        N/A       24%         3
 Summon Ice Beast         Ice/Summ       20%        N/A       24%         3
 Vampiric Draining        Necr           20%        2d7       24%         3
 Sculpt Simulacrum        Ice/Alch       37%        N/A       41%         6
 Lee's Rapid Deconstruct  Erth           10%        3d8*      43%         5
 Spellforged Servitor     Conj/Summ      28%        N/A       47%         7
 Metabolic Englaciation   Hex/Ice        17%        N/A       52%         5
 Dispel Undead            Necr           20%        3d11      58%         4
 Martyr's Knell           Necr/Summ      20%        N/A       58%         4
 Dispersal                Tloc           25%        N/A       67%         6
 Borgnjor's Vile Clutch   Necr/Erth      10%        N/A       89%         5
 Curse of Agony           Necr           20%        N/A       89%         5
 Enfeeble                 Hex            25%        N/A       99%         7
 Ozocubu's Refrigeration  Ice            10%        4d9       99%         7
 Death Channel            Necr           10%        N/A       100%        6
 Haunt                    Necr/Summ      10%        N/A       100%        7
 Summon Hydra             Summ           10%        N/A       100%        7
 Chain Lightning          Conj/Air       53%        3d70      67%         9
 Fire Storm               Conj/Fire      42%        8d11      67%         9
 Lehudib's Crystal Spear  Conj/Erth      28%        10d8      96%         8
 Polar Vortex             Ice            10%        12d1*     99%         9
 Shatter                  Erth           10%        3d11*     99%         9
 Borgnjor's Revivificati  Necr           10%        N/A       100%        8
 Disjunction              Tloc           25%        N/A       100%        8
 Death's Door             Necr           10%        N/A       100%        9
 Dragon's Call            Summ           10%        N/A       100%        9
 Animate Armour           Summ/Erth      Unusable   N/A       N/A         4

Dungeon Overview and Level Annotations

Branches:
Dungeon (15/15)            Temple (0/1) D:5            Lair (5/5) D:10
 Shoals (4/4) Lair:3        Snake (4/4) Lair:2        Slime (0/5) Lair:4
    Orc (2/2) D:12            Elf (3/3) Orc:2        Vaults (5/5) D:13
  Crypt (3/3) Vaults:3       Tomb (0/3) Crypt:3      Depths (4/4) D:15
    Zot (0/5) Depths:4      IceCv (visited)         Volcano (visited)

Altars:
Ashenzari
Elyvilon
Fedhas
Gozag
Kikubaaqudgha
Makhleb
Nemelex Xobeh
Okawaru
Qazlal
Ru
Trog
Vehumet
Wu Jian
Xom
Yredelemnul
Zin
The Shining One
Jiyva

Shops:
D:2 :   D:6 *   D:12 [(   Orc:2 :=(:   Elf:1 *   Elf:3 ?   Snake:1 *
Snake:3 =:=   Snake:4 ==[[   Vaults:2 ([![:   Vaults:4 [   Depths:2 (

Portals:
Hell: Depths:1 Depths:2 Depths:3 Depths:4
Abyss: Depths:3 Depths:4
Pandemonium: Depths:1 Depths:2
Ziggurat: Depths:4

Annotations:
D:4 exclusion: oklob plant
Lair:2 1 runed translucent door, octoduck's ghost, journeyman KoEn
Vaults:2 2 transporters, exclusion: obsidian statue
Depths:2 3 runed translucent doors, Dolerph's ghost, adept DrSh; Etottig's ghost, adept DgCj; Plog's ghost, veteran DsBe; Poanarph's ghost, veteran GrAl; Toomeure's ghost, veteran BaHs


Innate Abilities, Weirdness & Mutations

You can breathe blasts of scalding, opaque steam.
Your pale cyan-grey scales are hard. (AC +12)
You cannot fit into any form of body armour.
You are cold-blooded and may be slowed by cold attacks.
You are immune to the effects of steam.
You have a pair of small antennae on your head.
You are clumsy. (Dex -2)
Your health recovers twice as slowly from being drained.


Message History

You feel a surge of power!
The bolt of fire hits the frost giant!!!
The frost giant is heavily wounded.
The bolt of fire misses the quicksilver dragon.
The bolt of fire hits the phantasmal warrior!!
The phantasmal warrior is almost destroyed.
The bolt of fire hits the merfolk!!!
You kill the merfolk!
Vehumet accepts your kill.
You feel your power returning.
The merfolk's shape twists and changes as it dies.
The bolt of fire hits the phantasmal warrior!!
The phantasmal warrior is almost destroyed.
The bolt of fire hits the yaktaur captain!!!
The yaktaur captain is severely wounded.
The bolt of fire hits the golden dragon!!
The golden dragon resists.
The golden dragon is moderately wounded.
The bolt of fire hits the ettin!!
The ettin is moderately wounded.
Your resistance to elements expires.
You block the frost giant's attack.
Unknown command.
Unknown command.
The frost giant seems less brilliant.
You block the quicksilver dragon's attack. x2
The golden dragon bites you!!
You block the golden dragon's attack. x2
The frost giant hits you with a +0 battleaxe of freezing!!
The frost giant freezes you.
The frost giant is empowered by the deep elf high priest's aura!
The deep elf high priest mumbles some strange prayers to its god against you.
Something smites you! The phantasmal warrior gestures at you.
The phantasmal warrior blinks!
The ettin hits you with a +0 dire flail!!
* * * LOW HITPOINT WARNING * * *
The ettin hits you with a +0 great mace of draining!
* * * LOW HITPOINT WARNING * * *
The yaktaur captain shoots a bolt.
The bolt hits you!!
You die...

#(#....#.....
##(#....#)....
##..#....#§...
............
#####.....[..#####
......=C[.[e......
.......DC<)[[.....
...k.[[@CWW[.[....
.......[De[[......
#####...c[[..#####
+.....[[[)..#
###.#....#..p#
#'#....##.#..
.##....# ###.# ..
#....# ##


You could see an ironbound preserver, a golden dragon, a frost giant
(empowered), a quicksilver dragon, a yaktaur captain, a death drake shaped
shifter, 2 ettins, a deep elf sorcerer (empowered), a deep elf high priest
(brilliance aura) and 2 phantasmal warriors.

Vanquished Creatures
  Mara (Depths:3)
  A juggernaut (Depths:3)
  A royal mummy (Depths:2)
  Boris (twice) (Vaults:1 Depths:1)
  The ghost of Wosoceuq the Impregnable, a veteran MiGl of Hepliaklqana (Crypt:1)
  Bai Suzhen (Shoals:3)
  Saint Roka (Vaults:4)
  Jory (Depths:4)
  A golden dragon (Depths:4)
  A profane servitor (Crypt:3)
  2 bone dragons
  2 doom hounds (Crypt:2)
  4 tentacled monstrosities
  Grunn (Crypt:2)
  3 titans (Vaults:5)
  2 quicksilver dragons
  2 deep elf blademasters (Elf:3)
  2 deep elf master archers (Elf:3)
  2 liches
  Polyphemus (Shoals:4)
  5 sphinxes
  5 krakens
  4 tengu reavers
  7 nagarajas
  2 storm dragons
  3 shadow dragons
  Donald (Shoals:1)
  A draconian shifter (Depths:4)
  4 fire giants
  A draconian knight (Depths:4)
  9 deep elf sorcerers
  12 vault wardens
  A balrug (Abyss:3)
  3 juggernaut zombies (Crypt:3)
  4 spectral juggernauts (Depths:2)
  3 frost giants
  An angel (Shoals:4)
  An iron dragon (Depths:3)
  3 curse skulls
  5 deep elf elementalists (Elf:3)
  2 orc warlords
  5 reapers
  4 very ugly things
  17 ironbound preservers
  13 ghouls
  6 ironbound thunderhulks
  2 formless jellyfish
  11 stone giants
  6 vampire knights
  6 deep elf death magi
  Azrael (Snake:3)
  7 deep elf annihilators
  2 white draconians (Depths:4)
  A green draconian (Depths:4)
  The ghost of Tripartite the Black Belt, a journeyman MfBe of Trog (Lair:3)
  A purple draconian (Depths:4)
  A minotaur (Lair:3)
  Snorg (Lair:4)
  A war gargoyle (Vaults:5)
  5 deep elf demonologists
  11 dire elephants
  A starcursed mass (Abyss:3)
  2 spark wasps (Depths:3)
  4 mummy priests
  9 eidola
  4 merfolk javelineers
  12 yaktaur captains
  A crystal guardian (Vaults:4)
  9 fire dragons
  An entropy weaver (shapeshifter) (Elf:3)
  9 jiangshi
  2 spectral golden dragons (Depths:2)
  An entropy weaver (Vaults:1)
  9 ettins
  The ghost of seawaffle the Cleaver, a journeyman MiFi of Okawaru (D:9)
  7 great orbs of eyes
  5 rakshasas
  2 spectral tengu (Depths:2)
  A hell beast (Depths:2)
  16 merfolk impalers
  Fannar (Lair:1)
  34 vault guards
  6 deep elf high priests
  2 catoblepae
  8 ice dragons
  2 spectral sphinxes (Depths:2)
  4 salamander tyrants
  2 caustic shrike simulacra (IceCv)
  8 hydras
  A peacekeeper (Vaults:4)
  4 ironbound frosthearts
  An alligator snapping turtle (Shoals:3)
  3 merfolk avatars
  5 two-headed ogres
  7 death knights
  2 spectral fire giants (Depths:2)
  A spriggan air mage (Depths:3)
  15 centaur warriors
  9 anacondas
  The ghost of seawaffle the Cleaver, a novice MiFi of Okawaru (D:7)
  5 boulder beetles
  37 dancing weapons
  8 merfolk aquamancers
  18 naga warriors
  11 deep troll shamans
  A sphinx skeleton (Vaults:3)
  2 satyrs (Shoals:4)
  3 tengu warriors
  2 titan zombies (Crypt:3)
  Urug (Lair:1)
  20 death yaks
  3 occultists
  A thrashing horror (Abyss:3)
  7 naga sharpshooters
  5 vampire magi
  7 shock serpents
  Sonja (Orc:1)
  A spriggan berserker (Depths:4)
  5 orc high priests
  10 deep troll earth magi
  2 sun demons (Abyss:3)
  A spectral storm dragon (Depths:2)
  2 storm dragon zombies (Crypt:3)
  5 hell knights (Depths:1)
  An emperor scorpion zombie (Crypt:1)
  24 deep elf knights
  2 shadow wraiths
  28 skeletal warriors
  2 iron giant zombies (Crypt:2)
  5 iron trolls
  8 skysharks
  3 spectral spark wasps (Depths:2)
  51 deep trolls
  A sixfirhy (Depths:2)
  2 salamander mystics (Snake:4)
  2 large abominations (Abyss:3)
  15 sea snakes
  2 cherubim (Shoals:4)
  A glowing orange brain (Depths:3)
  An orb spider (shapeshifter) (Depths:1)
  11 mana vipers
  5 flayed ghosts
  A lindwurm (shapeshifter) (Vaults:4)
  3 obsidian statues
  A sun moth (shapeshifter) (Vaults:5)
  3 spriggan simulacra (IceCv)
  8 naga ritualists
  6 arcanists
  A spectral iron dragon (Depths:2)
  20 deep elf archers
  3 bog bodies
  A swamp dragon (Lair:5)
  23 harpies
  25 deep elf pyromancers
  21 lindwurms
  7 orc knights
  A tengu skeleton (Vaults:3)
  28 phantasmal warriors
  5 necromancers
  20 ironbound convokers
  4 wolf spiders (Crypt:3)
  31 deep elf zephyrmancers
  15 ugly things
  7 fauns
  12 manticores
  Maurice (D:10)
  8 orc sorcerers
  An oklob plant (D:10)
  15 salamanders
  An iron dragon skeleton (Vaults:4)
  A stone giant zombie (Vaults:4)
  3 human zombies (Vaults:4)
  8 cyclopes
  An apocalypse crab (Abyss:3)
  A titan simulacrum (Abyss:3)
  31 black mambas
  5 kobold blastminers
  6 merfolk sirens
  Joseph (D:7)
  A meliai (shapeshifter) (D:14)
  17 vault sentinels
  5 water nymphs
  2 centaur zombies (Crypt:3)
  A molten gargoyle (Depths:2)
  An ice statue (Elf:1)
  6 guardian serpents
  15 naga magi
  A smoke demon (Abyss:3)
  An orange demon (Abyss:3)
  Jeremiah (D:8)
  2 gargoyles
  2 hellions
  7 torpor snails
  10 cane toads
  2 unseen horrors (D:12)
  4 rime drakes
  6 komodo dragons
  An efreet (Abyss:3)
  A mana viper skeleton (Crypt:2)
  A tormentor (Abyss:3)
  Maggie (D:10)
  A rime drake (shapeshifter) (Depths:3)
  14 freezing wraiths
  A death yak skeleton (Crypt:1)
  31 yaktaurs
  3 harpy zombies
  3 tengu conjurers
  An ice devil (IceCv)
  Psyche (D:8)
  12 guardian mummies
  An iron troll zombie (Crypt:2)
  3 ancient zymes (Abyss:3)
  A black draconian skeleton (Crypt:1)
  2 golden dragon simulacra (IceCv)
  9 trolls
  A polar bear (shapeshifter) (D:15)
  A merfolk (shapeshifter) (Vaults:5)
  43 merfolk
  A polar bear (Lair:4)
  A shadow dragon simulacrum (Vaults:4)
  A queen bee (shapeshifter) (D:15)
  4 wind drakes (Shoals:4)
  8 hornets
  An elf simulacrum (Vaults:4)
  4 tyrant leeches (Lair:5)
  An ettin zombie (Vaults:4)
  5 blink frogs (Lair:5)
  A glass eye (Depths:3)
  6 snapping turtles
  20 dream sheep
  4 jumping spiders (Crypt:3)
  Sigmund (D:3)
  5 raiju (Abyss:3)
  17 slime creatures
  3 air elementals
  9 water elementals
  A ynoxinul (D:9)
  37 yaks
  2 shadows
  9 wraiths
  A yak (shapeshifter) (D:13)
  2 ettin skeletons (Vaults:3)
  9 wyverns
  5 fire elementals
  5 basilisks
  A human (D:13)
  4 redbacks (Crypt:3)
  5 steam dragons
  5 wargs
  3 vampire mosquitoes (D:12)
  A chaos spawn (Abyss:3)
  A swamp worm (shapeshifter) (Vaults:5)
  A minotaur simulacrum (IceCv)
  48 nagas
  6 acid dragons
  7 water moccasins
  A fire bat zombie (Crypt:1)
  4 hell hounds (Snake:3)
  2 demonspawn skeletons (Crypt:1)
  3 hydra simulacra (IceCv)
  46 orc warriors
  2 ice beasts
  A swamp drake (shapeshifter) (Abyss:3)
  4 black bears (Lair:2)
  3 ettin simulacra (IceCv)
  4 laughing skulls (Crypt:1)
  A swamp drake (Lair:5)
  12 ogres
  A black bear (shapeshifter) (D:13)
  16 wolves
  6 centaurs
  9 boggarts
  A phantom (D:7)
  A komodo dragon zombie (Crypt:2)
  3 kobold brigands
  A brain worm (Abyss:3)
  A warg zombie (Crypt:2)
  16 necrophages
  4 bullfrogs
  2 scorpions
  2 small abominations (Abyss:3)
  A warg skeleton (Crypt:2)
  2 earth elementals (Elf:1)
  A water moccasin zombie (Crypt:2)
  An ogre simulacrum (Vaults:3)
  8 wyvern skeletons
  A deep troll simulacrum (IceCv)
  3 wights (D:7)
  9 howler monkeys
  5 electric eels
  5 hounds
  33 orc priests
  2 jellies
  2 gnoll boudas
  A sleepcap (D:5)
  9 iguanas
  Natasha (thrice) (D:3)
  24 orc wizards
  7 hell rats (Lair:3)
  A deep dwarf zombie (Crypt:2)
  A naga skeleton (Crypt:1)
  Robin (D:2)
  9 gnolls
  7 adders
  2 white imps
  6 ufetubi
  A ribbon worm (D:2)
  A dart slug (D:2)
  112 orcs
  8 ball pythons
  A bat skeleton (Crypt:1)
  6 endoplasms
  A giant cockroach (D:2)
  13 goblins
  8 hobgoblins
  4 jackals (D:1)
  16 kobolds
  4 quokkas
  2 bats
  4 frilled lizards
  A quokka skeleton (Crypt:2)
  2 rats (D:2)
  7 tentacles
2016 creatures vanquished.

Vanquished Creatures (collateral kills)
  A ball lightning (Shoals:3)
1 creature vanquished.

Vanquished Creatures (others)
  A deep elf zephyrmancer (Elf:3)
  37 ball lightnings
  21 tentacles
59 creatures vanquished.

Grand Total: 2076 creatures vanquished

Notes
Turn   | Place    | Note
-------+----------+-------------------------------------------
     0 | D:1      | chippings the Draconian Wanderer began the quest for the
                  | Orb.
     0 | D:1      | chippings set off with the following items: a +2 spear, a
                  | +0 mace, a +0 cloak, a scroll of vulnerability.
     0 | D:1      | Reached XP level 1. HP: 14/14 MP: 1/1
    94 | D:1      | Reached XP level 2. HP: 18/20 MP: 2/2
   733 | D:2      | Reached skill level 1 in Fighting
   760 | D:2      | Reached XP level 3. HP: 26/28 MP: 3/3
   822 | D:2      | Noticed Robin
   857 | D:2      | Killed Robin
   860 | D:2      | Reached skill level 5 in Polearms
   911 | D:2      | Reached XP level 4. HP: 32/36 MP: 4/4
  1380 | D:2      | Found Nuemeume's Book Shoppe.
  1420 | D:2      | Found a radiant altar of Vehumet.
  1945 | D:3      | Noticed Sigmund
  2028 | D:3      | Killed Sigmund
  2029 | D:3      | Reached XP level 5. HP: 19/46 MP: 5/5
  2029 | D:3      | Reached XP level 6. HP: 22/52 MP: 6/6
  2256 | D:3      | Noticed Natasha
  2270 | D:3      | Killed Natasha
  2455 | D:3      | Found a glowing silver altar of Zin.
  2455 | D:3      | Noticed Natasha
  2460 | D:3      | Killed Natasha
  2535 | D:3      | Noticed Natasha
  2539 | D:3      | Killed Natasha
  2714 | D:4      | Found a blossoming altar of Fedhas.
  2724 | D:4      | Noticed an oklob plant
  3269 | D:4      | Reached skill level 5 in Fighting
  3269 | D:4      | Your scales start taking on a pale cyan-grey colour.
  3269 | D:4      | Reached XP level 7. HP: 61/61 MP: 7/7
  3269 | D:4      | Gained mutation: You are immune to the effects of steam.
                  | [Pale Draconian growth]
  3424 | D:5      | Entered Level 5 of the Dungeon
  3732 | D:5      | Found a bloodstained altar of Trog.
  3738 | D:5      | Found a stormy altar of Qazlal.
  3741 | D:5      | Found a sacrificial altar of Ru.
  3742 | D:5      | Found a radiant altar of Vehumet.
  3748 | D:5      | Found a shimmering altar of Xom.
  3785 | D:5      | Became a worshipper of Vehumet
  3824 | D:5      | Found a staircase to the Ecumenical Temple.
  4152 | D:6      | Noticed a steam dragon
  4166 | D:6      | Killed a steam dragon
  4335 | D:6      | Reached XP level 8. HP: 71/71 MP: 8/8
  4675 | D:6      | Found Wikuphua's Lightly-Used Armoury.
  4685 | D:6      | Found an opulent altar of Gozag.
  5233 | D:7      | Noticed Joseph
  5437 | D:7      | Killed Joseph
  5564 | D:7      | Found a large runed translucent door.
  5565 | D:7      | Found a large runed translucent door.
  5566 | D:7      | Noticed seawaffle's ghost (novice MiFi)
  5637 | D:7      | Reached XP level 9. HP: 81/82 MP: 9/9
  5655 | D:7      | Reached * piety under Vehumet
  5655 | D:7      | Offered knowledge of Kiss of Death by Vehumet.
  5891 | D:2      | Bought a book of Fire for 352 gold pieces
  5901 | D:2      | Learned a level 6 spell: Plasma Beam
  6085 | D:7      | Reached skill level 1 in Spellcasting
  6085 | D:7      | Reached skill level 1 in Fire Magic
  6085 | D:7      | Reached skill level 1 in Air Magic
  6598 | D:8      | Noticed Jeremiah
  6617 | D:8      | Killed Jeremiah
  6835 | D:8      | Noticed Psyche
  6970 | D:8      | Killed Psyche
  7303 | D:8      | Found a sparkling altar of Nemelex Xobeh.
  7306 | D:8      | Found an ancient bone altar of Kikubaaqudgha.
  7309 | D:8      | Found an ornate altar of the Wu Jian Council.
  7585 | D:9      | Found a burning altar of Makhleb.
  7596 | D:9      | Found a broken altar of Ashenzari.
  7878 | D:9      | Noticed seawaffle's ghost (journeyman MiFi)
  8017 | D:9      | Found a runed translucent door.
  8316 | D:10     | Entered Level 10 of the Dungeon
  8334 | D:10     | Noticed an oklob plant
  8346 | D:10     | Found a staircase to the Lair.
  8361 | D:10     | Noticed a two-headed ogre
  8371 | D:10     | Killed a two-headed ogre
  8372 | D:10     | Reached XP level 10. HP: 93/93 MP: 14/14
  8685 | D:10     | Reached skill level 10 in Polearms
  8759 | D:10     | Reached ** piety under Vehumet
  8759 | D:10     | Offered knowledge of Momentum Strike by Vehumet.
  8760 | D:10     | Reached skill level 10 in Fighting
  9219 | D:10     | Reached skill level 5 in Air Magic
  9319 | D:10     | Noticed Maggie
  9321 | D:10     | Noticed Maurice
  9333 | D:10     | Killed Maggie
  9334 | D:10     | Reached skill level 5 in Fire Magic
  9338 | D:10     | Something stole a +6 ring of strength
  9340 | D:10     | Killed Maurice
  9793 | D:11     | Noticed a gargoyle
  9803 | D:11     | Killed a gargoyle
  9804 | D:11     | Reached skill level 5 in Spellcasting
  9986 | D:11     | Reached XP level 11. HP: 82/99 MP: 19/19
 10313 | D:10     | Killed an oklob plant
 10362 | Lair:1   | Entered Level 1 of the Lair of Beasts
 10394 | Lair:1   | Noticed a catoblepas
 10416 | Lair:1   | Killed a catoblepas
 10416 | Lair:1   | Offered knowledge of Dazzling Flash by Vehumet.
 10600 | Lair:1   | Noticed Urug
 10616 | Lair:1   | HP: 2/99 [Urug/+0 demon trident of electrocution (20)]
 10618 | Lair:1   | Killed Urug
 10979 | Lair:1   | Noticed Fannar
 10988 | Lair:1   | Killed Fannar
 11220 | Lair:2   | Noticed a death yak
 11221 | Lair:2   | Noticed a death yak
 11221 | Lair:2   | Noticed a death yak
 11297 | Lair:1   | Killed a death yak
 11372 | Lair:2   | Killed a death yak
 11372 | Lair:2   | Reached *** piety under Vehumet
 11374 | Lair:2   | HP: 2/99 [death yak (20)]
 11384 | Lair:2   | Killed a death yak
 11537 | Lair:2   | Found a runed translucent door.
 11538 | Lair:2   | Noticed octoduck's ghost (journeyman KoEn)
 11608 | Lair:2   | Reached XP level 12. HP: 95/106 MP: 8/23
 11617 | Lair:2   | Found a staircase to the Snake Pit.
 11642 | Lair:2   | Learned a level 6 spell: Starburst
 11950 | Lair:2   | Reached skill level 1 in Conjurations
 12392 | Lair:2   | Offered knowledge of Flame Wave by Vehumet.
 12782 | Lair:3   | Reached skill level 10 in Air Magic
 12789 | Lair:3   | Reached skill level 10 in Fire Magic
 13049 | Lair:3   | Reached **** piety under Vehumet
 13107 | Lair:3   | Found a staircase to the Shoals.
 13111 | Lair:3   | Offered knowledge of Ignite Poison by Vehumet.
 13406 | Lair:3   | Found a runed translucent door.
 13406 | Lair:3   | Noticed a death yak
 13407 | Lair:3   | Noticed Tripartite's ghost (journeyman MfBe)
 13536 | Lair:3   | Found a runed translucent door.
 13763 | Lair:4   | Noticed Snorg
 13766 | Lair:4   | Killed Snorg
 13767 | Lair:4   | Reached skill level 1 in Shields
 13799 | Lair:4   | Noticed a boulder beetle
 13805 | Lair:4   | Killed a boulder beetle
 13876 | Lair:4   | Noticed a death yak
 13876 | Lair:4   | Noticed a death yak
 13876 | Lair:4   | Noticed a death yak
 13876 | Lair:4   | Noticed a death yak
 13877 | Lair:4   | Noticed a death yak
 13877 | Lair:4   | Noticed a death yak
 13878 | Lair:4   | Noticed a four-headed hydra
 13881 | Lair:4   | Killed a death yak
 13881 | Lair:4   | Killed a death yak
 13882 | Lair:4   | Reached skill level 5 in Conjurations
 13884 | Lair:3   | Killed a death yak
 14111 | Lair:4   | Reached XP level 13. HP: 81/113 MP: 25/25
 14293 | Lair:4   | Found a viscous altar of Jiyva.
 14293 | Lair:4   | Found a staircase to the Slime Pits.
 14335 | Lair:4   | Found a dark tunnel.
 14340 | Volcano  | Entered a volcano
 14740 | Lair:5   | Entered Level 5 of the Lair of Beasts
 15092 | Lair:5   | Reached ***** piety under Vehumet
 15132 | Lair:5   | Offered knowledge of Sticky Flame by Vehumet.
 15310 | Lair:5   | Noticed a fire dragon
 15318 | Lair:5   | Killed a fire dragon
 15406 | Lair:5   | Reached skill level 5 in Shields
 15759 | Lair:5   | Reached XP level 14. HP: 88/121 MP: 27/27
 16791 | Shoals:1 | Entered Level 1 of the Shoals
 16794 | Shoals:1 | Reached skill level 10 in Spellcasting
 17083 | D:2      | Bought a book of Annihilations for 660 gold pieces
 17257 | D:7      | Killed seawaffle's ghost
 17336 | D:9      | Killed seawaffle's ghost
 17338 | D:9      | Offered knowledge of Eringya's Noxious Bog by Vehumet.
 17700 | D:12     | Found Xex Yghy's Armour Shop.
 17700 | D:12     | Found a staircase to the Orcish Mines.
 17718 | D:12     | Found Ixkyjar's Weapon Shop.
 18143 | Orc:1    | Entered Level 1 of the Orcish Mines
 18181 | Orc:2    | Entered Level 2 of the Orcish Mines
 18670 | D:13     | Found a broken altar of Ashenzari.
 18691 | D:13     | Learned a level 6 spell: Eringya's Noxious Bog
 19191 | D:13     | Noticed an ironbound thunderhulk
 19194 | D:13     | Killed an ironbound thunderhulk
 19257 | D:13     | Found a gate to the Vaults.
 19842 | Orc:2    | Offered knowledge of Conjure Ball Lightning by Vehumet.
 19894 | Orc:2    | Learned a level 6 spell: Conjure Ball Lightning
 20722 | Orc:2    | Found a staircase to the Elven Halls.
 20781 | Orc:2    | Found the ring of the Mage {Wiz Archmagi}
 21086 | Orc:2    | Noticed an orc warlord
 21237 | Orc:2    | Offered knowledge of Irradiate by Vehumet.
 21255 | Orc:2    | Found Rocryodu's Jewellery Shoppe.
 21293 | Orc:2    | Killed an orc warlord
 21294 | Orc:2    | Reached XP level 15. HP: 114/126 MP: 29/29
 21377 | Orc:2    | Found Mougeq's Book Shop.
 21384 | Orc:2    | Learned a level 5 spell: Irradiate
 21621 | Orc:2    | Found Muoschemm's Book Boutique.
 21637 | Orc:2    | Found Kimn's Weapon Shop.
 22158 | Orc:1    | Noticed Sonja
 22160 | Orc:1    | Killed Sonja
 22694 | Shoals:1 | Noticed Donald
 22697 | Shoals:1 | Reached skill level 1 in Alchemy
 22697 | Shoals:1 | Killed Donald
 22886 | Snake:1  | Entered Level 1 of the Snake Pit
 22897 | Snake:1  | Found an iron altar of Okawaru.
 22903 | Snake:1  | Reached skill level 5 in Stealth
 23046 | Snake:1  | Reached skill level 5 in Evocations
 23333 | Snake:1  | Reached ****** piety under Vehumet
 23439 | Snake:1  | Found Laefius's Overcharged Wands.
 23789 | Snake:2  | Identified the +8 morningstar of Karma {freeze, rElec rN+
                  | Str-5}
 24472 | Snake:2  | Noticed a nagaraja
 24475 | Snake:2  | Killed a nagaraja
 24663 | Snake:2  | Offered knowledge of Freezing Cloud by Vehumet.
 25516 | Snake:3  | Reached XP level 16. HP: 134/134 MP: 27/31
 25647 | Snake:3  | Noticed Azrael
 25655 | Snake:3  | Reached skill level 10 in Conjurations
 25877 | Snake:3  | Learned a level 5 spell: Freezing Cloud
 25908 | Snake:3  | Killed Azrael
 26699 | Snake:3  | Found Haploorch's Jewellery Boutique.
 26700 | Snake:3  | Found Kiparan's Book Shoppe.
 26701 | Snake:3  | Found Qam Cuwn's Jewellery Boutique.
 27156 | Snake:4  | Entered Level 4 of the Snake Pit
 27163 | Snake:4  | Found Mintisom's Armour Shop.
 27163 | Snake:4  | Found Qaeckot's Jewellery Boutique.
 27434 | Snake:4  | Found Hood's Armour Shop.
 27516 | Snake:4  | Found Nivutra's Jewellery Boutique.
 27547 | Snake:4  | Reached skill level 5 in Alchemy
 27570 | Snake:4  | Bought the +3 pair of gauntlets of War {Slay+5} for 617
                  | gold pieces
 27570 | Snake:4  | Found the +3 pair of gauntlets of War {Slay+5}
 28289 | Snake:4  | Offered knowledge of Orb of Destruction by Vehumet.
 28296 | Snake:3  | HP: 4/134 [poisoned by a naga sharpshooter (splash of
                  | poison)]
 29504 | Snake:4  | Reached XP level 17. HP: 140/140 MP: 14/32
 29733 | Snake:4  | Reached skill level 10 in Shields
 29785 | Snake:4  | Got a serpentine rune of Zot
 30116 | Lair:3   | Killed Tripartite's ghost
 30755 | Shoals:1 | Noticed a kraken
 30759 | Shoals:1 | Killed a kraken
 30772 | Shoals:1 | Noticed a kraken
 30774 | Shoals:1 | Noticed a kraken
 30806 | Shoals:1 | Offered knowledge of Ignition by Vehumet.
 30814 | Shoals:1 | Killed a kraken
 30815 | Shoals:1 | Reached skill level 15 in Air Magic
 30840 | Shoals:1 | Killed a kraken
 32293 | Shoals:2 | Identified a scroll of acquirement
 32319 | Shoals:2 | Acquired the ring "Pethoff" {rPois rN+ rCorr Int-4 Dex+3}
 32430 | Shoals:3 | Offered knowledge of Lehudib's Crystal Spear by Vehumet.
 32430 | Shoals:3 | Offered knowledge of Polar Vortex by Vehumet.
 32430 | Shoals:3 | Offered knowledge of Maxwell's Capacitive Coupling by
                  | Vehumet.
 32622 | Shoals:3 | Noticed a kraken
 32681 | Shoals:3 | Killed a kraken
 33268 | Shoals:4 | Entered Level 4 of the Shoals
 33475 | Shoals:4 | Noticed Bai Suzhen
 33590 | Shoals:3 | Learned a level 5 spell: Yara's Violent Unravelling
 33692 | Shoals:3 | Killed Bai Suzhen
 33693 | Shoals:3 | Reached XP level 18. HP: 82/147 MP: 7/34
 33695 | Shoals:3 | Gained mutation: You have hidden genetic defects.
                  | [mutagenic glow]
 33697 | Shoals:3 | Lost mutation: You have hidden genetic defects. [potion of
                  | mutation]
 33697 | Shoals:3 | Gained mutation: You have a pair of small antennae on your
                  | head. [potion of mutation]
 33697 | Shoals:3 | Gained mutation: Your health recovers twice as slowly from
                  | being drained. [potion of mutation]
 34183 | Shoals:4 | Found a white marble altar of Elyvilon.
 34201 | Shoals:4 | Got a barnacled rune of Zot
 34279 | Shoals:4 | Reached skill level 1 in Hexes
 34356 | Shoals:4 | Noticed Polyphemus
 34359 | Shoals:4 | Killed Polyphemus
 34526 | Shoals:4 | Paralysed by a formless jellyfish for 1 turns
 34529 | Shoals:4 | Paralysed by a formless jellyfish for 1 turns
 34770 | Shoals:4 | Found a glowing golden altar of the Shining One.
 35029 | Shoals:4 | Found a glowing silver altar of Zin.
 35930 | D:14     | Found a white marble altar of Elyvilon.
 36238 | D:15     | Entered Level 15 of the Dungeon
 36301 | D:15     | Found a runed translucent door.
 36327 | D:15     | Identified the beast talisman "Lueloso" {MP+9 Str+2 Dex-5}
 36328 | D:15     | Identified the +0 mace of Verem {venom, *Noise rElec Str+3
                  | Dex+3}
 36386 | D:15     | Found a staircase to the Depths.
 36961 | D:15     | Found an ornate altar of the Wu Jian Council.
 37210 | Elf:1    | Entered Level 1 of the Elven Halls
 37210 | Elf:1    | Found a runed translucent gate.
 37210 | Elf:1    | Found a runed translucent gate.
 37210 | Elf:1    | Found a runed translucent gate.
 37210 | Elf:1    | Found a runed translucent gate.
 37210 | Elf:1    | Found a runed translucent gate.
 37210 | Elf:1    | Found a runed translucent gate.
 37211 | Elf:1    | Found a runed translucent door.
 37262 | Elf:1    | Learned a level 5 spell: Alistair's Intoxication
 37309 | Elf:1    | Reached skill level 10 in Alchemy
 37491 | Elf:1    | Found a glacial archway.
 37502 | IceCv    | Entered an ice cave
 37788 | IceCv    | Reached skill level 5 in Hexes
 38167 | Elf:1    | Found a runed translucent door.
 38185 | Elf:1    | Identified the staff "Xuulud" {rPois Int+4 Alchemy}
 38300 | Elf:1    | Reached XP level 19. HP: 128/154 MP: 37/37
 38600 | Elf:1    | Paralysed by an air elemental for 1 turns
 38672 | Elf:1    | Found Acyb's Assorted Antiques.
 40538 | Elf:2    | Found a runed translucent gate.
 40539 | Elf:2    | Found a runed translucent gate.
 40539 | Elf:2    | Found a runed translucent gate.
 40583 | Elf:2    | Gained mutation: You are clumsy. (Dex -2) [mutagenic glow]
 41254 | Elf:3    | Entered Level 3 of the Elven Halls
 41340 | Elf:3    | Reached skill level 15 in Spellcasting
 41389 | Elf:3    | Paralysed by an air elemental for 1 turns
 41586 | Elf:3    | Paralysed by an air elemental for 1 turns
 41589 | Elf:3    | Paralysed by an air elemental for 1 turns
 41768 | Elf:3    | Found Giparor's Magic Scroll Emporium.
 41780 | Elf:3    | Bought a scroll of fear for 68 gold pieces
 41780 | Elf:3    | Bought a scroll of teleportation for 51 gold pieces
 41780 | Elf:3    | Bought a scroll of blinking for 127 gold pieces
 41780 | Elf:3    | Bought a scroll of fog for 68 gold pieces
 41780 | Elf:3    | Bought a scroll of fear for 68 gold pieces
 41854 | Elf:3    | Identified the +0 lajatang of Holding Execution {elec,
                  | Will+}
 41991 | Elf:3    | Reached XP level 20. HP: 148/157 MP: 22/39
 42374 | Elf:3    | Upgraded the game from 0.31.0-12-g77e489cdc1 to
                  | 0.31.0-32-g396128a36d
 42395 | Elf:3    | Reached skill level 15 in Shields
 42698 | Elf:3    | Identified the +6 scale mail "Uhoib" {rPois rN+ Int-2}
 42698 | Elf:3    | Found the +0 pair of fencer's gloves {Riposte Dex+3}
 42710 | Elf:3    | Reached skill level 1 in Staves
 42730 | Elf:3    | Got the Exposition on Space and Violence
 42753 | Elf:3    | Got the Incunable of Ill-starred Cold
 42773 | Elf:3    | Identified the +0 kite shield of Loss {rN+ SInv}
 42777 | Elf:3    | Identified the staff of Sapecoitz {rElec rPois rCorr Str-4
                  | Air Alchemy}
 43545 | Snake:4  | Bought the ring "Rigren" {rN+++ Will+ Int-4 Dex-3 SInv} for
                  | 935 gold pieces
 43797 | Vaults:1 | Entered Level 1 of the Vaults
 43960 | Vaults:1 | Noticed Boris
 43963 | Vaults:1 | Killed Boris
 45085 | Vaults:1 | Learned a level 8 spell: Maxwell's Capacitive Coupling
 45088 | Vaults:1 | Learned a level 2 spell: Blink
 45726 | Vaults:2 | Found a transporter.
 45735 | Vaults:2 | Found a transporter.
 45806 | Vaults:2 | Found Huck's Antique Armour Shop.
 46151 | Vaults:2 | Reached XP level 21. HP: 148/170 MP: 32/41
 46406 | Vaults:2 | You are sucked into a shaft and drop 1 floor!
 46668 | Vaults:2 | Found Tikelib's Weapon Shop.
 47074 | Vaults:2 | Found Qironof's Book Boutique.
 47347 | Vaults:2 | Found Qongoz's Distillery.
 47356 | Vaults:2 | Found Qamaar's Armour Emporium.
 47413 | Vaults:3 | Identified the +5 triple crossbow of Havoc {drain, Dex+4}
 47512 | Vaults:3 | Reached skill level 5 in Staves
 47556 | Vaults:3 | Reached skill level 15 in Fire Magic
 47744 | Vaults:3 | Found a staircase to the Crypt.
 47767 | Vaults:3 | Reached skill level 1 in Translocations
 48743 | Vaults:4 | Reached skill level 5 in Dodging
 49156 | Vaults:4 | Noticed Saint Roka
 49158 | Vaults:4 | Killed Saint Roka
 49159 | Vaults:4 | Reached skill level 5 in Translocations
 49726 | Vaults:4 | Found Nuungoecu's Antique Armour Shoppe.
 49875 | Crypt:1  | Entered Level 1 of the Crypt
 50086 | Crypt:1  | Reached XP level 22. HP: 67/181 MP: 9/42
 50335 | Crypt:1  | Found a runed translucent door.
 50336 | Crypt:1  | Found a shimmering altar of Xom.
 50336 | Crypt:1  | Noticed Wosoceuq's ghost (veteran MiGl)
 50692 | Crypt:1  | You are sucked into a shaft and drop 1 floor!
 51173 | Crypt:2  | Noticed Grunn
 51178 | Crypt:2  | Killed Grunn
 51926 | Crypt:1  | Killed Wosoceuq's ghost
 52069 | Crypt:3  | Entered Level 3 of the Crypt
 53202 | Crypt:3  | Found a basalt altar of Yredelemnul.
 53634 | Crypt:3  | Found a staircase to the Tomb.
 53845 | Crypt:3  | Identified the ring of Xom's Whim {rF+ rC+}
 54399 | Crypt:3  | Identified the +7 broad axe of the Scorching Mosquito
                  | {holy, Will++}
 54702 | Crypt:3  | Got the Almanac of the Mortuary
 55147 | Depths:1 | Entered Level 1 of the Depths
 55244 | Depths:1 | Noticed Boris
 55246 | Depths:1 | Killed Boris
 55248 | Depths:1 | Found a gateway to Hell.
 55344 | Depths:1 | Reached XP level 23. HP: 137/188 MP: 39/43
 55989 | Depths:1 | Found a stormy altar of Qazlal.
 56105 | Depths:1 | Found a one-way gate leading to the halls of Pandemonium.
 56147 | Depths:2 | Reached skill level 10 in Evocations
 56257 | Depths:2 | Found Cux Bire's Weapon Emporium.
 56496 | Depths:2 | Found a runed translucent gate.
 56496 | Depths:2 | Found a runed translucent gate.
 56496 | Depths:2 | Found a runed translucent gate.
 56497 | Depths:2 | Noticed Etottig's ghost (adept DgCj)
 56497 | Depths:2 | Noticed Toomeure's ghost (veteran BaHs)
 56498 | Depths:2 | Noticed Plog's ghost (veteran DsBe)
 56498 | Depths:2 | Noticed Poanarph's ghost (veteran GrAl)
 56499 | Depths:2 | Noticed Dolerph's ghost (adept DrSh)
 57369 | Depths:2 | Noticed a royal mummy
 57378 | Depths:2 | Killed a royal mummy
 58102 | Depths:3 | Noticed a juggernaut
 58321 | Depths:3 | Reached skill level 15 in Alchemy
 58489 | Depths:3 | Noticed Mara
 58498 | Depths:3 | Killed Mara
 58499 | Depths:3 | Reached skill level 10 in Staves
 59001 | Depths:3 | Found a blossoming altar of Fedhas.
 59045 | Depths:3 | Found a one-way gate to the infinite horrors of the Abyss.
 59086 | Depths:3 | Identified the +11 rapier of Impeachment {venom, ^Drain
                  | +Blink rC+++ SInv}
 59118 | Depths:3 | Killed a juggernaut
 59456 | Depths:3 | You are sucked into a shaft and drop 1 floor!
 59456 | Depths:4 | Entered Level 4 of the Depths
 59456 | Depths:4 | Noticed Jory
 59487 | Depths:4 | Killed Jory
 59768 | Depths:4 | Reached XP level 24. HP: 178/195 MP: 26/43
 59853 | Depths:4 | Found a gate to the Realm of Zot.
 60185 | Depths:4 | Found a one-way gateway to a ziggurat.
 60834 | Vaults:5 | Entered Level 5 of the Vaults
 60936 | Abyss:3  | Cast into level 3 of the Abyss (a deep elf demonologist)
 60948 | Abyss:3  | Reached skill level 15 in Conjurations
 61032 | Abyss:3  | Found a corrupted altar of Lugonu.
 61036 | Abyss:3  | Found a corrupted altar of Lugonu.
 61083 | Abyss:3  | Found a corrupted altar of Lugonu.
 61134 | Abyss:3  | Found a corrupted altar of Lugonu.
 61174 | Vaults:5 | Escaped the Abyss
 61554 | Vaults:5 | Identified the +6 mace of Cataclysm {flame, rC++ Str-4
                  | Dex+5}
 62047 | Vaults:5 | Shot with a bolt by a yaktaur captain

Illustrated notes

Levels and vault maps discovered:
D:1:      enne_arrival_octagon_isle, layout_basic
D:2:      minmay_evil_eye, layout_basic, basic_altar, serial_shops,
          nicolae_lakefront_shop, minmay_pentomino_x2, uniq_robin
D:3:      layout_rooms, mainiacjoe_overflow_alcove_2, uniq_natasha, uniq_sigmund
D:4:      layout_basic, tgw_fedhas
D:5:      layout_basic, nicolae_overflow_hallway_of_the_gods,
          minmay_temple_entry_gardened_gates
D:6:      layout_basic, grunt_gozag_breadcrumbs, minmay_shop_damaged,
          skrybe_limestone_x
D:7:      layout_basic, ebering_ghost_disaster_area, uniq_joseph
D:8:      layout_basic, grunt_temple_overflow_diamond, uniq_psyche,
          uniq_jeremiah
D:9:      layout_cave_pools, jmf_multi_god_temple2, hellmonk_ghost_big_iron
D:10:     layout_loops_ring, dpeg_oklobed_lair, uniq_maggie, uniq_maurice
D:11:     layout_cave_pools
D:12:     layout_basic, orc_david_3
D:13:     layout_stronghold, hellmonk_vaults_keyhole,
          ashenzari_conservatory_becter
D:14:     layout_long_grid, elyvilon_altar_3, hangedman_decor_opposing,
          minivault_22
D:15:     hangedman_depths_entry_try_elsewhere_first, layout_irregular_city,
          minmay_st_funbox, nicolae_wu_jian_immortal_techniques
Lair:1:   layout_loops_ring, nicolae_quartered_pool_medium,
          serial_bayou_shore_b, lemuel_fruit_tree, uniq_fannar, uniq_urug
Lair:2:   layout_cave_pods, guppyfry_snake_entry_island, gammafunk_ghost_grave,
          beast_lair_carwin_2
Lair:3:   dreamdust_labyrinth, layout_cellular_growth, minmay_shoals_entry_hut,
          ebering_ghost_inner_flame, infiniplex_staircase_pool_2
Lair:4:   layout_roguey, dpeg_slime_entry_enclosed,
          nicolae_volcano_entry_s_turn, nzn_sisyphean_effort, uniq_snorg
Lair:5:   guppyfry_lair_end_dragon, layout_layer_cave, wormcave, serial_forest,
          infiniplex_forest_side_room, infiniplex_forest_clump_small,
          infiniplex_forest_clump_tiny, infiniplex_forest_end_double,
          infiniplex_forest_lined_ring, st_stairs_5
Shoals:1: nicolae_shoals_lighthouse, layout_shoals, uniq_donald
Shoals:2: layout_shoals
Shoals:3: layout_shoals
Shoals:4: shoals_end_hellmonk_holy_island, uniq_polyphemus, uniq_bai_suzhen
Snake:1:  layout_onion_interference, basic_altar, nicolae_shop_overcharged_wands
Snake:2:  layout_layer_cave
Snake:3:  layout_onion, serial_bayou_shore_b, minmay_shop_grove,
          grunt_megastairs_3, serial_bayou_shore_a, uniq_azrael
Snake:4:  minmay_snake_end_coiled, layout_cave_town, minmay_shoptagon
Orc:1:    layout_diamond_mine, nicolae_orc_stony_grotto, uniq_sonja
Orc:2:    pubby_orc_utopia
Elf:1:    nicolae_elf_arrival_dilemma, layout_loops_corners,
          portal_ice_cave_entry_ice_statue_one,
          portal_desolation_entry_nicolae_menacing_earthworks, serial_shops,
          nicolae_shop_hallway_stairs, hangedman_elf_disciples
Elf:2:    nicolae_elf_blades_crystal_corner, layout_gridlike,
          small_statue_intersection
Elf:3:    minmay_elf_hall_statues, layout_loops_cross, serial_shops,
          shop_scrolls, minmay_misc_feat_rows
Vaults:1: ontoclasm_vaults_spin, nicolae_vaults_house_1,
          nicolae_vaults_mini_display_case, nicolae_vaults_tetromino_T_1,
          vaults_mumra_minichess_inversion, v_misc_24,
          grunt_vaults_hallway_short, layout_vaults_omnigrid, uniq_boris
Vaults:2: vaults_room_semicircle, nicolae_vaults_stepped_doors,
          hangedman_vaults_variations, nicolae_vaults_network_star,
          nicolae_vaults_circle_grid_a, ontoclasm_vaults_decontamination,
          nicolae_vaults_double_plus_3, vaults_mumra_hex, vaults_dpeg_hooks,
          nicolae_vaults_surprise_closet, gammafunk_sealed_arena,
          vaults_room_pools, vaults_dpeg_ring, v_rooms_4,
          ontoclasm_vaults_loading_screen, layout_vaults_omnicross,
          serial_shops, shop, nicolae_shop_bloodbath_and_beyond,
          nicolae_shop_stone, nicolae_square_shop,
          nicolae_shop_tiny_real_fake_doors
Vaults:3: v_misc_4, v_rooms_3, nicolae_vaults_yaktaur_gun_rack,
          ontoclasm_vaults_misaligned, ontoclasm_vaults_shuriken,
          v_alt_pattern_2, blue_anna_dwarven_crypt,
          nicolae_vaults_hallways_thing, nicolae_vaults_sightless_eye,
          hangedman_vaults_cutoff, layout_vaults_ring
Vaults:4: nicolae_vaults_network_barrier, nicolae_vaults_closet_pinwheel_4,
          nicolae_vaults_specimen_jars, nicolae_vaults_offset_grid_hallway_1,
          nicolae_vaults_storage_closets_1, nicolae_vaults_display_case,
          nicolae_vaults_storage_room_glass,
          nicolae_vaults_trapezoid_lopsided_3, nicolae_vaults_sesquioval_fish,
          layout_vaults_big_room, serial_shops, shop, uniq_saint_roka
Vaults:5
Crypt:1:  layout_regular_city, ebering_ghost_xom, nicolae_crypt_little_mausoleum
Crypt:2:  layout_basic, uniq_margery, uniq_grunn
Crypt:3:  evilmike_haunted_forest
Depths:1: nicolae_cairo_tiling_large, layout_cave_pools, grunt_pan_entry_spiral,
          hell_entry, nicolae_qazlal_general_emergency
Depths:2: lemuel_minitomb, layout_cave_pools, grunt_hell_entry_dis_mu,
          gammafunk_ghost_cemetery, rand_demon_pan_entry_7, serial_shops, shop,
          infiniplex_staircase_zigzag_1
Depths:3: minmay_the_grid_triangle_9x9_recursive_3
          [minmay_the_grid_triangle_9x9_pentomino_pain,
          minmay_the_grid_triangle_9x9_thin_v,
          minmay_the_grid_triangle_9x9_zippers_vertical,
          minmay_the_grid_triangle_9x9_prize_center,
          minmay_the_grid_triangle_9x9_sparse_checkered,
          minmay_the_grid_triangle_9x9_shrine,
          minmay_the_grid_triangle_9x9_zippers_horizontal,
          minmay_the_grid_triangle_9x9_sprig,
          minmay_the_grid_triangle_9x9_alien], layout_long_grid, abyss_entry,
          minmay_misc_feat_rugged, hell_entry, uniq_mara
Depths:4: evilmike_zot_entry_hall, layout_basic, enter_ziggurat_f,
          pf_dread_powers_of_hell, abyss_entry, hex_medium, uniq_jory

Skill      XL: |  1  2  3  4  5  6  7  8  9 10 11 12 13 14 15 16 17 18 19 20 21 22 23 24 |
---------------+-------------------------------------------------------------------------+-----
Fighting       | 1 2 3 5 6 8 9 10 12 | 12.0
Polearms       | 5 6 7 9 10 | 10.0
Long Blades    | 3 |  3.0
Spellcasting   | 3 5 7 8 9 10 11 12 14 15 16 | 16.0
Fire Magic     | 3 6 9 11 12 13 14 16 18 19 20 | 20.0
Air Magic      | 4 6 9 11 12 13 14 15 16 17 18 19 20 | 20.0
Conjurations   | 5 7 8 9 10 12 14 15 | 15.8
Shields        | 2 5 7 8 9 11 12 14 15 16 | 16.0
Stealth        | 4 6 7 8 |  8.0
Evocations     | 3 6 7 8 9 10 | 10.0
Alchemy        | 3 6 8 10 12 13 14 15 16 | 16.0
Hexes          | 5 6 |  6.0
Staves         | 4 6 8 10 | 10.2
Dodging        | 3 5 7 8 |  8.0
Translocations | 5 6 |  6.0
Maces & Flails | |  1.0
Throwing       | |  1.0

Action                     |  1- 3 |  4- 6 |  7- 9 | 10-12 | 13-15 | 16-18 | 19-21 | 22-24 || total
---------------------------+-------+-------+-------+-------+-------+-------+-------+-------++-------
  Melee: Spear             |   101 |    54 |       |       |       |       |       |       ||   155
         Tailslap          |    13 |    15 |    31 |    44 |    18 |    19 |    80 |    31 ||   251
         Punch             |     1 |       |       |     2 |     1 |       |       |       ||     4
         Long sword        |       |    13 |       |       |       |       |       |       ||    13
         Halberd           |       |   117 |   276 |   212 |       |       |       |       ||   605
         Demon trident     |       |       |       |   102 |    43 |       |       |       ||   145
         Staff             |       |       |       |       |    89 |    93 |   254 |   123 ||   559
  Throw: Dart              |       |       |     1 |       |       |       |       |       ||     1
   Cast: Plasma Beam       |       |       |       |    53 |   339 |   358 |   327 |   417 ||  1494
         Starburst         |       |       |       |     1 |    37 |    54 |    46 |    46 ||   184
         Conjure Ball Ligh |       |       |       |       |     7 |     6 |       |       ||    13
         Irradiate         |       |       |       |       |     7 |    51 |    75 |    38 ||   171
         Freezing Cloud    |       |       |       |       |       |    48 |    27 |    20 ||    95
         Yara's Violent Un |       |       |       |       |       |     3 |    13 |     8 ||    24
         Alistair's Intoxi |       |       |       |       |       |     2 |     4 |       ||     6
         Eringya's Noxious |       |       |       |       |       |       |     4 |     8 ||    12
         Maxwell's Capacit |       |       |       |       |       |       |     2 |    10 ||    12
         Blink             |       |       |       |       |       |       |     1 |     1 ||     2
Ability: Breathe Steam     |       |       |     6 |    18 |       |       |       |     1 ||    25
  Evoke: Wand              |       |       |     2 |     2 |       |       |       |       ||     4
         Box of beasts     |       |       |       |       |       |       |     1 |       ||     1
    Use: Potion            |       |     1 |     6 |     6 |     1 |     3 |       |     7 ||    24
         Scroll            |       |       |       |    15 |     7 |    10 |     7 |     1 ||    40
   Stab: Sleeping          |     2 |     1 |     7 |       |       |       |     3 |       ||    13
         Distracted        |       |     1 |       |     1 |       |       |     1 |       ||     3
         Invisible         |       |       |       |     3 |       |       |       |       ||     3
 Armour: Skin              |    50 |   119 |   157 |   199 |   191 |   212 |   222 |   146 ||  1296
  Dodge: Dodged            |    58 |    78 |   157 |   119 |    84 |    50 |    59 |    41 ||   646
  Block: Kite shield       |       |       |       |       |    70 |    38 |       |       ||   108
         Tower shield      |       |       |       |       |       |   242 |   480 |   313 ||  1035
